 Dungeon Crawl Stone Soup version 0.18.1-8-gdd0e5ea (webtiles) character file.

26 Implojin the Insei (level 2, -1/24 HPs)
             Began as a Mummy Monk on May 22, 2016.
             Hit by a stone thrown by a hobgoblin (5 damage)
             ... on level 1 of the Dungeon.
             The game lasted 00:04:28 (2087 turns).

Implojin the Insei (Mummy Monk)                     Turns: 2087, Time: 00:04:28

Health: -1/24      AC:  0    Str: 14    XL:     2   Next: 89%
Magic:  2/2        EV: 13    Int:  9    God:
Gold:   20         SH:  0    Dex: 14    Spells: 0 memorised, 1 level left

rFire  x . .     SeeInvis .       - Unarmed
rCold  + . .     Gourm    .     (no armour)
rNeg   + + +     Faith    .     (no shield)
rPois  ∞         Spirit   .     (no helmet)
rElec  .         Dismiss  .     (no cloak)
rCorr  .         Reflect  .     (no gloves)
SustAt +         Harm     .     (no boots)
MR     .....                    (no amulet)
Stlth  ++........               (no ring)
                                f - ring of sustain attributes

@: not resistant to hostile enchantments, unstealthy
A: no food or potions, fire vulnerability, cold resistance 1, negative energy
resistance 3, torment resistance, unbreathing
a: no special abilities


You were on level 1 of the Dungeon.
You were not hungry.

You visited 1 branch of the dungeon, and saw 2 of its levels.

You collected 20 gold pieces.

Inventory:

Jewellery
 f - a ring of sustain attributes (left hand)
Scrolls
 a - a scroll of fear {unknown}
 b - a scroll of magic mapping {unknown}
 c - a scroll of teleportation {unknown}
 e - a scroll of identify {unknown}
Comestibles
 d - a bread ration (quivered)


   Skills:
 - Level 3.0 Fighting
 - Level 2.4 Dodging
 - Level 1.5 Stealth
 * Level 4.0 Unarmed Combat


You had one spell level left.
You didn't know any spells.

Dungeon Overview and Level Annotations

Branches:
Dungeon (2/15)

Altars:


Innate Abilities, Weirdness & Mutations

You do not eat or drink.
Your flesh is vulnerable to fire.
You are immune to poison.
Your flesh is cold resistant.
You are immune to negative energy.
You are immune to unholy pain and torment.
You can survive without breathing.


Message History

The ooze is severely wounded.
The ooze misses you.
You punch the ooze!
You kill the ooze!
Your Unarmed Combat skill increases to level 4!
HP restored.
Found a pair of glowing gloves.
A bat comes into view.
The hobgoblin shouts!
The hobgoblin throws a stone.
The stone closely misses you.
A rat comes into view.
There are monsters nearby!
The hobgoblin misses you.
You closely miss the hobgoblin. The hobgoblin hits you with a club.
You barely miss the hobgoblin. The hobgoblin barely misses you.
A giant newt comes into view.
You closely miss the rat. The rat bites you.
You closely miss the rat. The rat bites you.
You closely miss the rat. The rat closely misses you.
You hit the rat.
You kill the rat!
The hobgoblin throws a stone.
The stone hits you.
* * * LOW HITPOINT WARNING * * *
The hobgoblin hits you with a club!
* * * LOW HITPOINT WARNING * * *
You barely miss the hobgoblin. You punch the hobgoblin.
The hobgoblin is severely wounded.
The hobgoblin hits you with a club.
* * * LOW HITPOINT WARNING * * *
The hobgoblin throws a stone.
The stone closely misses you.
The hobgoblin throws a stone.
The stone hits you but does no damage.
You see here a stone.
You see here a club.
The hobgoblin throws a stone.
The stone barely misses you.
You see here a stone.
The hobgoblin throws a stone.
The stone misses you.
The hobgoblin throws a stone.
The stone misses you.
You see here a stone.
The hobgoblin throws a stone.
The stone hits you.
You die...

.......##.# ###...###.#
...#b## #.# ......###.#
....%..##.# ..%.....#.##
+##........#
#.....#..#############
#....##....(.(@...>..#
#...###g############.######
###..## #)# #............#
......###g######.#####.####.#
......g......(...# ###.#
...(..###.######.# #...#
......# #...# #.# #.#.#
#...#.# ###.# #.###'####
##.##.# #.# #..#†≈≈#.#


You could see a hobgoblin.

Vanquished Creatures
  An ooze (D:1)
  A dart slug (D:1)
  A bat (D:1)
  3 goblins (D:1)
  4 hobgoblins (D:1)
  4 kobolds (D:1)
  3 giant newts (D:1)
  3 rats (D:1)
20 creatures vanquished.

Notes
Turn   | Place    | Note
--------------------------------------------------------------
     0 | D:1      | Implojin the Mummy Monk began the quest for the Orb.
     0 | D:1      | Reached XP level 1. HP: 18/18 MP: 1/1
   919 | D:1      | Reached XP level 2. HP: 22/24 MP: 2/2
  1271 | D:1      | HP: 1/24 [hobgoblin/stone (5)]
  1994 | D:1      | Reached skill level 4 in Unarmed Combat
  2087 | D:1      | Hit by a stone thrown by a hobgoblin

Skill      XL: |  1  2 |
---------------+-------+-----
Unarmed Combat | 4 |  4.0
Fighting       | |  3.0
Dodging        | |  2.4
Stealth        | |  1.5

Action                   || total
-------------------------++-------
Melee: Unarmed           ||    78
       Punch             ||     1
 Stab: Sleeping          ||     1
Dodge: Dodged            ||    59

Table legend:
 A = Turns spent in this place as a percentage of turns spent in the entire game.
 B = Non-inter-level travel turns spent in this place as a percentage of non-inter-level travel turns spent in the entire game.
 C = Inter-level travel turns spent in this place as a percentage of turns spent in this place.
 D = Turns resting spent in this place as a percentage of non-inter-level travel turns spent in this place.
 E = Turns spent auto-exploring this place as a percentage of non-inter-level travel turns spent in this place.
 F = Non-inter-level travel turns spent in this place divided by the number of levels of this place that you've seen.
                   A       B       C       D       E      F
               +-------+-------+-------+-------+-------+----------------------
         Total | 100.0 | 100.0 |   0.0 |   2.0 |   1.5 | 495.5
       Dungeon | 100.0 | 100.0 |   0.0 |   2.0 |   1.5 | 495.5
               +-------+-------+-------+-------+-------+----------------------

Table legend:
 A = Kills in this place as a percentage of kills in entire the game.
 B = Kills by you in this place as a percentage of kills by you in the entire game.
 C = Kills by friends in this place as a percentage of kills by friends in the entire game.
 D = Other kills in this place as a percentage of other kills in the entire game.
 E = Experience gained in this place as a percentage of experience gained in the entire game.
 F = Experience gained in this place divided by the number of levels of this place that you have seen.
                   A       B       C       D       E      F
               +-------+-------+-------+-------+-------+----------------------
         Total | 100.0 | 100.0 |  -nan |  -nan | 100.0 |  19.0
       Dungeon | 100.0 | 100.0 |  -nan |  -nan | 100.0 |  19.0
               +-------+-------+-------+-------+-------+----------------------
